AoeStats
← 恆浪蕩

Nomad

504417779Analyzed
4v4 RM · 26d ago on Sep 5, 2026· 44m 25s· 8 players
Game mode
Random Map
Map size
231×231
Population
200
Speed
Normal
Resources
Standard
Victory
Conquest
Starting age
Dark Age
Ending age
Imperial Age
RankedLock teamsTeams togetherTeam positionsShared explorationLock speedFull tech treeHidden civsTurbo modeCheats
Victory
Defeat
🇹🇼 Bulgarians · Taiwan
1550
+13
🇹🇼 Georgians · Taiwan
1538
+14
🇹🇼 Celts · Taiwan
1405
+19
🇹🇼 Mongols · Taiwan
1354
+22
1523
-19
🇪🇸 Mongols · Spain
1489
-17
🇨🇳 Sicilians · China
1475
-17
🇨🇳 Persians · China
1442
-15
CARANZA
3:29 Loom
12:44 Feudal Age
13:14 Double-Bit Axe
17:41 Castle Age
16:07 Stone Mining
17:17 Gold Mining
17:32 Fletching
19:47 Padded Archer Armor
20:16 Bodkin Arrow
22:17 Leather Archer Armor
24:11 Bloodlines
24:02 Husbandry
27:03 Wheelbarrow
29:39 Hand Cart
29:36 Bow Saw
29:10 Horse Collar
33:14 Gold Shaft Mining
36:05 Imperial Age
36:57 Bracer
37:26 Parthian Tactics
40:07 Elite Skirmisher
[CL] Poeta Violento IX
3:41 Loom
14:15 Feudal Age
14:58 Town Watch
20:19 Castle Age
19:44 Scale Mail Armor
30:21 Thumb Ring
30:20 Fishing Lines
33:50 Fletching
34:00 Padded Archer Armor
35:06 Double-Bit Axe
37:25 Bodkin Arrow
37:26 Elite Skirmisher
38:50 Leather Archer Armor
41:55 Imperial Age
40:09 Gold Mining
40:09 Stone Mining
40:36 Bow Saw
41:07 Wheelbarrow
43:13 Hoardings
李雾月
9:55 Loom
12:34 Feudal Age
13:00 Town Watch
15:42 Double-Bit Axe
21:18 Castle Age
19:53 Gold Mining
20:17 Horse Collar
20:41 Fishing Lines
22:10 Bow Saw
24:01 Scale Barding Armor
24:30 Gillnets
27:46 Husbandry
34:53 Light Cavalry
36:49 Bloodlines
36:51 Forging
40:26 Stone Mining
41:33 Heavy Plow
43:07 Wheelbarrow
45:14 Hand Cart
Yuzu
12:59 Loom
15:10 Feudal Age
15:59 Double-Bit Axe
17:08 Fishing Lines
18:38 Wheelbarrow
19:54 Fletching
23:09 Castle Age
21:13 Stone Mining
21:44 Scale Mail Armor
22:33 Horse Collar
23:34 Arson
23:53 Squires
24:09 Chain Mail Armor
25:51 Bow Saw
26:26 Heavy Plow
30:24 Gillnets
31:43 Hand Cart
32:19 Bodkin Arrow
33:24 Ballistics
34:04 Stone Shaft Mining
33:19 Gold Mining
34:10 Town Watch
35:57 Gold Shaft Mining
37:09 Masonry
38:06 Medium Warships
39:49 Scale Barding Armor
42:27 Imperial Age
41:08 Chain Barding Armor
42:01 Forging
42:29 Bloodlines
42:19 Husbandry
43:46 Plate Barding Armor
43:50 Conscription
NyxXX
5:05 Loom
12:42 Feudal Age
16:22 Castle Age
14:58 Fletching
15:41 Double-Bit Axe
17:16 Bodkin Arrow
18:08 Bow Saw
22:33 Padded Archer Armor
23:02 Horse Collar
24:04 Gold Mining
29:24 Bloodlines
29:14 Husbandry
30:45 Wheelbarrow
30:13 Town Watch
33:59 Imperial Age
32:03 Stone Mining
32:30 Leather Archer Armor
33:05 Ballistics
33:51 Gold Shaft Mining
34:06 Hand Cart
34:01 Thumb Ring
34:45 Bracer
35:47 Chemistry
37:21 Parthian Tactics
39:10 Conscription
39:36 Stone Shaft Mining
39:01 Heavy Plow
39:36 Elite Mangudai
39:54 Light Cavalry
41:16 Drill
41:26 Scale Barding Armor
41:20 Capped Ram
42:50 Chain Barding Armor
43:14 Forging
42:54 Siege Ram
43:27 Hussar
44:45 Iron Casting
kuim
13:28 Feudal Age
17:10 Castle Age
17:12 Light Cavalry
17:59 Loom
21:30 Town Watch
22:56 Husbandry
23:09 Scale Barding Armor
23:14 Forging
30:30 Wheelbarrow
30:15 Double-Bit Axe
33:54 Hand Cart
35:37 Fletching
40:50 Imperial Age
38:55 Man-at-Arms
39:20 Gambesons
39:51 Long Swordsman
40:38 Gold Mining
40:40 Stone Mining
40:41 Arson
41:23 Capped Ram
42:43 Bow Saw
42:49 Scale Mail Armor
43:24 Iron Casting
42:34 Siege Ram
44:24 Chain Mail Armor
45:09 Blast Furnace
恆浪蕩
3:11 Loom
14:09 Feudal Age
18:03 Castle Age
20:30 Fletching
36:40 Murder Holes
46:28 Imperial Age
friend00792
4:30 Loom
13:38 Feudal Age
17:12 Castle Age
15:33 Double-Bit Axe
16:00 Fletching
17:52 Bodkin Arrow
18:09 Bow Saw
29:47 Horse Collar
31:22 Padded Archer Armor
32:06 Bloodlines
33:10 Ballistics
34:23 Gold Mining
35:09 Wheelbarrow
38:45 Imperial Age
37:00 Leather Archer Armor
36:46 Husbandry
37:58 Hand Cart
37:34 Stone Mining
39:33 Bracer
40:40 Chemistry
40:45 Parthian Tactics
41:39 Conscription
41:12 Guard Tower
41:12 Heavy Cavalry Archer
43:21 Keep
43:48 Svan Towers
Connection lost

Rejoining the realm…

Still unreachable

The connection could not be restored.

Session expired

The server has moved on; the page needs a fresh start.